Map: Acid Plant LE

Players

Alchemy - Winner!

  • Race: Protoss Protoss
  • League: Gold
  • Spawn Location: 11:00

SENJUxMIGUEL

  • Race: Terran Terran
  • League: Platinum
  • Spawn Location: 5:00

VOD

Have the link to the VOD?

Description

Time

  • Played on: March 18, 2018, 4:49 p.m.
  • Length: 9:58
Show
View Real Time Build Order
Export as new Build Order

Alchemy Protoss - Winner!

Build Orders: 1 Gate Expand 

Get SALT Encoding   

  12  0:01  Probe  
  13  0:13  Probe  
  14  0:17  Pylon  
  14  0:25  Probe  
  15  0:37  Gateway  
  15  0:38  Probe  
  16  0:44  Assimilator  
  16  0:50  Probe  
  17  1:02  Probe  
  18  1:15  Probe  
  19  1:23  Nexus  
  19  1:27  Probe  
  20  1:36  Cybernetics Core  
  20  1:40  Probe  
  21  1:52  Probe  
  22  1:59  Pylon  
  22  2:04  Probe  
  23  2:14  Stalker (Chrono Boost), Warp Gate  
  23  2:20  Assimilator  
  25  2:25  Probe  
  26  2:34  Gateway  
  26  2:35  Probe  
  27  2:37  Probe  
  28  2:50  Probe x2 (Chrono Boost)  
  30  3:00  Zealot  
  30  3:02  Probe (Chrono Boost)  
  30  3:05  Probe (Chrono Boost)  
  34  3:07  Probe (Chrono Boost)  
  34  3:08  Twilight Council  
  34  3:12  Probe  
  36  3:16  Probe  
  37  3:22  Robotics Facility  
  37  3:24  Probe  
  38  3:28  Probe, Pylon  
  39  3:36  Probe  
  39  3:39  Stalker (Chrono Boost)  
  39  3:40  Probe  
  43  3:48  Probe  
  42  3:49  Stalker (Chrono Boost)  
  42  3:52  Probe  
  34  4:03  Stalker (Chrono Boost)  
  34  4:07  Immortal (Chrono Boost)  
  35  4:10  Stalker  
  37  4:23  Probe x2  
  35  4:34  Charge (Chrono Boost)  
  35  4:35  Probe x2 (Chrono Boost)  
  37  4:47  Probe (Chrono Boost)  
  37  4:48  Probe (Chrono Boost)  
  39  4:53  Warp Prism, Probe x2 (Chrono Boost)  
  43  5:01  Probe x2  
  43  5:15  Pylon  
  43  5:16  Probe x2  
  45  5:28  Probe  
  45  5:29  Pylon  
  45  5:33  Probe  
  47  5:36  Immortal (Chrono Boost)  
  47  5:40  Probe  
  52  5:45  Probe, Gateway  
  53  5:53  Probe  
  54  5:58  Probe  
  55  6:05  Probe  
  55  6:10  Probe, Immortal  
  61  6:13  Nexus  
  61  6:15  Pylon  
  61  6:28  Probe  
  62  6:33  Probe  
  62  6:38  Pylon  
  63  6:40  Probe, Gateway x2  
  63  6:45  Probe  
  65  6:52  Immortal  
  65  6:53  Probe  
  70  6:57  Probe  
  71  7:05  Probe  
  71  7:07  Pylon  
  72  7:09  Probe  
  73  7:22  Probe x2  
  65  7:32  Zealot x3  
  65  7:34  Probe  
  65  7:36  Immortal  
  76  7:43  Gateway x2  
  76  7:45  Gateway  
  76  7:46  Gateway  
  76  7:47  Gateway  
  76  7:48  Probe  
  76  7:49  Probe x2, Pylon  
  79  7:53  Assimilator  
  79  7:57  Assimilator  
  79  8:06  Forge  
  79  8:13  Forge  
  79  8:24  Zealot x2  
  79  8:25  Zealot x3  
  79  8:26  Immortal (Chrono Boost)  
  93  8:46  Zealot x3  
  93  8:47  Zealot x3  
  93  8:48  Zealot  
  107  8:49  Zealot  
  103  8:58  Warp Prism  
  93  9:03  Zealot  
  93  9:04  Zealot  
  93  9:09  Sentry  
  85  9:10  Zealot x4  
  85  9:11  Zealot x2  
  85  9:12  Zealot  
  95  9:33  Probe x3  
  102  9:42  Zealot x3, Nexus  
  102  9:43  Pylon  
  108  9:47  Pylon  
Show
View Real Time Build Order
Export as new Build Order

SENJUxMIGUEL Terran 

Build Orders: Cyclone Opening, MMM Bio 

Get SALT Encoding   

  12  0:01  SCV  
  13  0:13  SCV  
  14  0:19  Supply Depot  
  14  0:25  SCV  
  15  0:31  Refinery  
  15  0:40  SCV  
  16  0:49  Barracks  
  16  0:56  Refinery  
  16  1:00  SCV  
  17  1:06  Refinery  
  17  1:16  SCV  
  18  1:25  Supply Depot  
  18  1:28  SCV  
  19  1:39  Factory  
  19  1:45  Barracks Reactor  
  19  1:56  SCV  
  20  2:08  SCV  
  21  2:20  SCV  
  22  2:29  Reaper  
  23  2:30  Cyclone  
  23  2:31  Cyclone  
  29  2:40  Supply Depot  
  29  2:42  SCV  
  30  2:57  SCV  
  31  3:09  SCV  
  32  3:29  Factory Tech Lab  
  32  3:35  Marine x2  
  32  3:49  Siege Tank  
  32  3:52  Marine  
  35  4:07  Marine  
  35  4:10  Marine  
  35  4:30  Marine x2  
  34  4:32  Siege Tank  
  37  4:38  Barracks  
  37  4:40  Barracks  
  37  4:45  Starport  
  37  4:47  Supply Depot  
  37  4:53  Command Center  
  37  5:19  Siege Tank  
  40  5:23  Medivac  
  40  5:28  Barracks Tech Lab, Barracks Reactor  
  42  5:30  Marine x2  
  42  5:35  Orbital Command  
  44  5:41  Engineering Bay  
  44  5:47  Marauder  
  46  5:57  Stimpack  
  46  6:07  SCV  
  47  6:11  SCV  
  46  6:31  Missile Turret  
  46  6:34  Missile Turret  
  46  6:36  SCV  
  47  6:45  Viking  
  49  6:47  Marine  
  50  6:54  SCV  
  51  7:06  SCV  
  52  7:14  Supply Depot  
  50  7:34  Starport Reactor  
  50  7:37  Marine x3  
  50  7:38  Marine  
  50  7:40  Marine  
  55  7:55  Siege Tank, Marine x3  
  55  7:56  Marine  
  55  7:57  Combat Shields  
  62  7:58  Marine  
  62  8:03  Orbital Command  
  63  8:06  Refinery  
  63  8:12  Supply Depot x2  
  63  8:13  Medivac  
  63  8:18  Medivac  
  47  9:33  Barracks  
  47  9:34  Barracks  
  47  9:39  Marine  
Tags
 
Add a new tag
Caveats
  • Supply blocks, unpowered buildings, or Contaminate may cause inaccurate times.
  • Supply counts are checked every 10 seconds.